 Dungeon Crawl Stone Soup version 0.28-a0-1117-g0bdd5ba030 (webtiles) character file.

Game seed: 12684745135886364997

13 SensoryNuts the Skirmisher (level 2, -1/26 HPs)
             Began as a Draconian Fighter on Dec 11, 2021.
             Slain by a ball python (2 damage)
             ... on level 1 of the Dungeon.
             The game lasted 00:00:24 (403 turns).

SensoryNuts the Skirmisher (Draconian Fighter)       Turns: 403, Time: 00:00:25

Health: -1/26      AC:  4    Str: 18    XL:     2   Next: 24%
Magic:  2/2        EV:  9    Int:  8    God:
Gold:   9          SH:  4    Dex: 10    Spells: 1/1 levels left

rFire   . . .      SeeInvis .   a - +0 long sword
rCold   . . .      Faith    .   b - +0 buckler
rNeg    . . .      Spirit   .   (armour unavailable)
rPois   .          Reflect  .   (helmet restricted)
rElec   .          Harm     .   (no cloak)
rCorr   .          Rampage  .   (no gloves)
Will    .....                   (no boots)
Stlth   +.........              (no amulet)
HPRegen 0.08/turn               (no ring)
MPRegen 0.08/turn               (no ring)

@: constricted
A: AC +4, unfitting armour, cold-blooded
a: no special abilities


You were on level 1 of the Dungeon.
You visited 1 branch of the dungeon, and saw 1 of its levels.

You collected 9 gold pieces.

Inventory:

Hand Weapons
 a - a +0 long sword (weapon)
 d - a +0 dagger
Armour
 b - a +0 buckler (worn)
Potions
 c - a potion of might


   Skills:
 + Level 3.5 Fighting
 + Level 2.1 Long Blades
 + Level 2.9 Dodging
 + Level 3.2 Shields


You had one spell level left.
You didn't know any spells.
Your spell library was empty.

Dungeon Overview and Level Annotations

Branches:
Dungeon (1/15)

Altars:


Innate Abilities, Weirdness & Mutations

Your plain brown scales are hard. (AC +4)
You cannot fit into any form of body armour.
You are cold-blooded and may be slowed by cold attacks.


Message History

You hit the goblin.
You kill the goblin!
You block the bat's attack. The bat hits you but does no damage.
The frilled lizard barely misses you. The quokka bites you.
* * * LOW HITPOINT WARNING * * *
The frilled lizard barely misses you. You block the quokka's attack.
The bat closely misses you. The frilled lizard barely misses you.
The quokka twitches its whiskers.
You see here a +0 club.
You closely miss the frilled lizard. The bat hits you.
* * * LOW HITPOINT WARNING * * *
The ball python bites you but does no damage.
The ball python grabs you. The ball python constricts you.
The quokka barely misses you. You block the frilled lizard's attack.
You block the ball python's attack. The ball python constricts you.
You barely miss the frilled lizard. The bat completely misses you.
The quokka closely misses you.
The ball python bites you but does no damage.
The ball python constricts you.
The frilled lizard bites you but does no damage.
The bat closely misses you.
The quokka bites you but does no damage.
The ball python bites you but does no damage.
The ball python constricts you. The frilled lizard bites you.
* * * LOW HITPOINT WARNING * * *
You completely miss the frilled lizard. The bat barely misses you.
You block the quokka's attack. The ball python bites you.
* * * LOW HITPOINT WARNING * * *
The ball python constricts you.
The frilled lizard bites you but does no damage.
The quokka barely misses you.
You closely miss the frilled lizard.
Your tail-slap misses the frilled lizard.
The bat hits you but does no damage. The ball python bites you.
* * * LOW HITPOINT WARNING * * *
The ball python constricts you. The quokka closely misses you.
The frilled lizard bites you.
* * * LOW HITPOINT WARNING * * *
The ball python bites you.
You die...

### ### .. ###.. ##.
#.... ##..### ###.... ##
.....# ######......
#..###...#####.(.........
.......S.................
......bl@.# ####........
#...##r######.........##
# ##.###....#......##
#......####..#รท###
#.$....##### #.##.#
.......# #.##.#
#...###########(##.#
........... ......#.##.#
.......... #....##.#


You could see a quokka, a bat, a ball python and a frilled lizard.

Vanquished Creatures
  3 endoplasms (D:1)
  2 goblins (D:1)
  3 jackals (D:1)
  A bat (D:1)
  2 frilled lizards (D:1)
11 creatures vanquished.

Notes
Turn   | Place    | Note
-------+----------+-------------------------------------------
     0 | D:1      | SensoryNuts the Draconian Fighter began the quest for the
                  | Orb.
     0 | D:1      | Reached XP level 1. HP: 19/19 MP: 1/1
    85 | D:1      | Reached XP level 2. HP: 4/26 MP: 2/2
   403 | D:1      | HP: 1/26 [frilled lizard (1)]
   403 | D:1      | Slain by a ball python

Illustrated notes

Levels and vault maps discovered:
D:1:      evilmike_arrival_home_sweet_home, layout_rooms,
          shapermc_ecumenical_altar_gd, lexackson_kobold_supper

Action                   || total
-------------------------++-------
Melee: Long sword        ||    42
       Tailslap          ||     7
Armor: Skin              ||    27
Dodge: Dodged            ||    36
Block: Buckler           ||    16

Table legend: (Time is in decaauts)
 A = Elapsed time spent in this place.
 B = Non-inter-level travel time spent in this place.
 C = Inter-level travel time spent in this place.
 D = Time resting spent in this place.
 E = Time spent auto-exploring this place.
 F = Levels seen in this place.
 G = Mean time per level.
                   A        B        C        D        E       F      G
               +--------+--------+--------+--------+--------+-----+--------+
         Total |    421 |    421 |      0 |      0 |    342 |   1 |  421.0 |
       Dungeon |    421 |    421 |      0 |      0 |    342 |   1 |  421.0 |
               +--------+--------+--------+--------+--------+-----+--------+

Top non-repeatable levels by time:
     D:1: 421 daAuts
